 Seeded DCSS version 0.29.1-15-g9cfb28693d (webtiles) character file.

Game seed: 1568925220260594985 (custom seed)

39 a11behringer the Chopper (level 3, 0/31 HPs)
             Began as a Palentonga Berserker on Apr 3, 2023.
             Was a Believer of Trog.
             Slain by a hobgoblin (4 damage)
             ... on level 2 of the Dungeon on May 7, 2023.
             The game lasted 00:03:44 (1287 turns).

a11behringer the Chopper (Palentonga Berserker)     Turns: 1287, Time: 00:03:47

Health: 0/31       AC:  4    Str: 24    XL:     3   Next: 26%
Magic:  3/3        EV:  9    Int:  7    God:    Trog [**....]
Gold:   12         SH:  0    Dex:  9    Spells: 2/2 levels left

rFire   . . .      SeeInvis +   a - +0 hand axe
rCold   . . .      Faith    .   (no shield)
rNeg    . . .      Spirit   .   b - +0 animal skin
rPois   .          Reflect  .   (no helmet)
rElec   .          Harm     .   (no cloak)
rCorr   .          Rampage  .   (no gloves)
Will    .....                   (no barding)
Stlth   +.........              (no amulet)
HPRegen 0.10/turn               (no ring)
MPRegen 0.08/turn               (no ring)

@: no status effects
A: large, rugged brown scales 3, see invisible, deformed body, roll 1, armoured
tail
a: Rolling Charge, Renounce Religion, Berserk, Trog's Hand


You were on level 2 of the Dungeon.
You worshipped Trog.
Trog was pleased with you.
You visited 1 branch of the dungeon, and saw 2 of its levels.

You collected 12 gold pieces.

Inventory:

Hand Weapons
 a - a +0 hand axe (weapon)
Armour
 b - a +0 animal skin (worn)
Scrolls
 c - a scroll of fear {unknown}
 e - a scroll of identify {unknown}
Potions
 d - a potion of invisibility {unknown}
 f - a potion of curing {unknown}
 g - 2 potions of flight {unknown}


   Skills:
 + Level 3.4 Fighting
 * Level 3.7 Axes
 + Level 1.8 Armour
 + Level 1.8 Dodging


You had 2 spell levels left.
You didn't know any spells.
Your spell library was empty.

Dungeon Overview and Level Annotations

Branches:
Dungeon (2/15)

Altars:


Innate Abilities, Weirdness & Mutations

You are completely covered in rugged brown scales. (AC +3, +7% HP)
You have supernaturally acute eyesight. (SInv)
Armour fits poorly on your strangely shaped body.
You can roll at nearby foes to attack.
You have a long armoured tail.


Message History

A scorpion comes into view.
Found a stone staircase leading up.
The ball python bites you.
The jackal bites you but does no damage.
Found a leather armour.
The frilled lizard hisses angrily.
The jackal bites you but does no damage.
The ball python attacks as you move away!
The ball python bites you but does no damage.
The jackal closely misses you.
The frilled lizard bites you but does no damage.
The jackal bites you.
The scorpion stings you but does no damage.
The jackal barely misses you. The frilled lizard barely misses you.
The scorpion stings you. The jackal bites you.
The adder bites you but does no damage. The frilled lizard closely misses you.
You closely miss the adder.
Your tail-slap misses the adder.
You hit the ball python.
You kill the ball python!
Trog accepts your kill.
You barely miss the frilled lizard. You hit the jackal but do no damage.
You hit the scorpion. The jackal closely misses you.
The scorpion stings you but does no damage.
The adder barely misses you. The scorpion stings you.
The jackal bites you but does no damage.
The frilled lizard closely misses you.
You slash the adder! Your punch misses the adder.
The adder is almost dead.
You barely miss the hobgoblin. You slash the frilled lizard!
You kill the frilled lizard!
Trog accepts your kill.
You closely miss the jackal. You barely miss the scorpion. The adder bites you.
The jackal bites you but does no damage.
The scorpion stings you. The hobgoblin hits you. The adder misses you.
You hit the adder.
The adder is almost dead.
You hit the hobgoblin. You hit the jackal but do no damage.
You barely miss the scorpion. The scorpion stings you.
* * * LOW HITPOINT WARNING * * *
The adder bites you but does no damage. The hobgoblin hits you.
You die...

#.# #.#.### #.# #.#...#
#.# #.###.# #$# #.# #.#
#..####.###### #<# #.#
#....S....h..###.###.#
##..####h##...........#
[......gh##.#.###.#####
..<....S@##.#.# #.#
.....##.s##.#.# #.#
###. #..##.#.# #.# #
#..##.#.. ... #...#g###
### .###. . # ..


You could see a scorpion, an adder, 2 jackals and a hobgoblin.

Vanquished Creatures
  A gnoll (D:1)
  4 endoplasms (D:1)
  2 giant cockroaches (D:1)
  6 hobgoblins (D:1)
  2 quokkas (D:1)
  2 ball pythons
  4 bats (D:1)
  2 frilled lizards
  A goblin (D:1)
  A kobold (D:1)
  4 rats (D:1)
29 creatures vanquished.

Notes
Turn   | Place    | Note
-------+----------+-------------------------------------------
     0 | D:1      | a11behringer the Palentonga Berserker began the quest for
                  | the Orb.
     0 | D:1      | Reached XP level 1. HP: 19/19 MP: 1/1
   160 | D:1      | Reached XP level 2. HP: 12/25 MP: 2/2
   559 | D:1      | Found a faded altar of an unknown god.
   631 | D:1      | Reached XP level 3. HP: 25/31 MP: 3/3
   879 | D:1      | Reached ** piety under Trog
  1280 | D:2      | Noticed a scorpion
  1287 | D:2      | Slain by a hobgoblin

Illustrated notes

Levels and vault maps discovered:
D:1:      spicycebolla_arrival_risky_transporter, layout_basic,
          basic_ecumenical_altar, minmay_misc_feat_four_crosses
D:2:      layout_loops_ring, bh_walls_and_bars, uniq_natasha

Action                   || total
-------------------------++-------
Melee: Hand axe          ||    82
       Tailslap          ||     7
 Abil: Rolling Charge    ||     2
Armor: Animal skin       ||    59
Dodge: Dodged            ||    57
